 Dungeon Crawl Stone Soup version 0.31.0-32-g396128a36d (webtiles) character file.

Game seed: 9809474275090667838

45 hawla the Shield-Bearer (level 3, -5/31 HPs)
             Began as a Minotaur Fighter on Mar 8, 2024.
             Slain by an iguana (8 damage)
             ... on level 3 of the Dungeon.
             The game lasted 00:01:56 (1296 turns).

hawla the Shield-Bearer (Minotaur Fighter)          Turns: 1296, Time: 00:01:56

Health: -5/31      AC:  6    Str: 20    XL:     3   Next: 42%
Magic:  2/2        EV: 10    Int:  5    God:
Gold:   58         SH:  4    Dex: 11    Spells: 2/2 levels left

rFire   . . .        a - +0 long sword
rCold   . . .        c - +0 buckler
rNeg    . . .        b - +0 scale mail
rPois   .            (helmet restricted)
rElec   .            (no cloak)
rCorr   .            (no gloves)
SInv    .            (no boots)
Will    .....        (no amulet) Stlth
                     (no ring)
HPRegen 0.25/turn    (no ring)
MPRegen 0.08/turn

%: no passive effects
@: no status effects
A: horns 2, retaliatory headbutt
a: no special abilities


You were on level 3 of the Dungeon.
You visited 1 branch of the dungeon, and saw 4 of its levels.

You collected 58 gold pieces.

Inventory:

Hand Weapons
 a - a +0 long sword (weapon)
Armour
 b - a +0 scale mail (worn)
 c - a +0 buckler (worn)
Scrolls
 e - a scroll of teleportation
Potions
 d - a potion of might
 g - a potion of mutation {unknown}


   Skills:
 - Level 3.6 Fighting
 - Level 2.4 Long Blades
 - Level 3.6 Armour
 - Level 3.0 Dodging
 + Level 4.1 Shields


You had 2 spell levels left.
You didn't know any spells.
Your spell library was empty.

Dungeon Overview and Level Annotations

Branches:
Dungeon (4/15)
 Temple: D:4-7

Altars:


Innate Abilities, Weirdness & Mutations

You have a pair of horns on your head.
You reflexively headbutt those who attack you in melee.


Message History

You hit the goblin.
You kill the goblin!
Things that are here:
a +2 dagger of protection; a giant cockroach corpse
Things that are here:
a +2 dagger of protection; a giant cockroach corpse A goblin comes into view.
It is wielding a +0 dagger.
The goblin shouts!
Found a book of Misfortune.
An iguana comes into view.
Found an escape hatch in the ceiling.
The iguana hisses angrily.
The goblin barely misses you. You furiously retaliate!
You headbutt the goblin.
You kill the goblin!
You see here a +0 dagger.
The iguana barely misses you.
You hit the iguana.
The iguana is lightly wounded.
The iguana bites you.
You slash the iguana! Your headbutt misses the iguana.
The iguana is heavily wounded.
The iguana bites you!
You barely miss the iguana. You headbutt the iguana.
The iguana is heavily wounded.
You block the iguana's attack.
The iguana hisses menacingly.
You block the iguana's attack.
You hit the iguana.
The iguana is severely wounded.
The iguana bites you!
You hit the iguana.
The iguana is severely wounded.
The iguana bites you!
* * * LOW HITPOINT WARNING * * *
You barely miss the iguana.
The iguana is severely wounded.
The iguana bites you.
* * * LOW HITPOINT WARNING * * *
The iguana bites you!
You die...

#.#.#.#.#####.# #
#.#.#.#.# #.#.#
#.#.#.#.#####.#.#
#.#.#.#.........#
#.#.#.#######.###
#. #####.######
#. #....).....#
#..........#
#....@....<#
#....l.....#
#:.........#
#..........#
#..........#
#..........#
#..........#
#####.######


You could see an iguana.

Vanquished Creatures
  An adder (D:4)
  A dart slug (D:1)
  An orc (D:4)
  6 ball pythons (D:1)
  2 endoplasms (D:1)
  A giant cockroach (D:3)
  4 goblins
  3 hobgoblins (D:1)
  4 jackals
  2 quokkas
  A bat (D:2)
  A frilled lizard (D:1)
  A rat (D:1)
28 creatures vanquished.

Notes
Turn   | Place    | Note
-------+----------+-------------------------------------------
     0 | D:1      | hawla the Minotaur Fighter began the quest for the Orb.
     0 | D:1      | Reached XP level 1. HP: 19/19 MP: 0/0
   134 | D:1      | Reached skill level 1 in Dodging
   217 | D:1      | Reached XP level 2. HP: 26/26 MP: 1/1
   470 | D:1      | Found a faded altar of an unknown god.
  1147 | D:2      | You fall into a shaft and drop 2 floors!
  1156 | D:4      | Reached XP level 3. HP: 31/31 MP: 2/2
  1241 | D:4      | Reached skill level 4 in Shields
  1296 | D:3      | Slain by an iguana

Illustrated notes

Levels and vault maps discovered:
D:1:      kennysheep_arrival_seaside, layout_basic,
          shapermc_ecumenical_altar_flowoftime, chequers_serial_rivers_micro_d
D:2:      layout_basic, serial_shops, shop, minivault_24, minmay_3d_cube
D:3:      layout_basic, grunt_temple_overflow_open, uniq_jessica, uniq_robin,
          uniq_ijyb
D:4:      lemuel_castle_with_subvaults [lemuel_castle_interior_carwin_1],
          layout_layer_cave, uniq_menkaure

Skill      XL: |  1  2  3 |
---------------+----------+-----
Dodging        | 1 3 |  3.0
Shields        | 4 |  4.1
Fighting       | |  3.6
Long Blades    | |  2.4
Armour         | |  3.6

Action                     || total
---------------------------++-------
  Melee: Long sword        ||    67
         Headbutt          ||    10
    Use: Scroll            ||     2
 Armour: Scale mail        ||    52
  Dodge: Dodged            ||    34
  Block: Buckler           ||    16
